 Dungeon Crawl Stone Soup version 0.26-a0-651-gb41185065b (webtiles) character file.

Game seed: 14664034264525266525

2230 Lanoc the Covert (level 9, -4/74 HPs)
             Began as a Gnoll Delver on Oct 29, 2020.
             Was a Believer of Ashenzari.
             Slain by a wight
             ... wielding a +0 morningstar
              (9 damage)
             ... on level 7 of the Dungeon.
             The game lasted 00:06:53 (7082 turns).

Lanoc the Covert (Gnoll Delver)                     Turns: 7082, Time: 00:06:54

Health: -4/74      AC:  4    Str: 16    XL:     9   Next: 36%
Magic:  8/15       EV: 16    Int: 12    God:    Ashenzari [**....]
Gold:   218        SH:  6    Dex: 19    Spells: 12/16 levels left

rFire    . . .     SeeInvis .   A - +1 long sword (holy)
rCold    . . .     Faith    .   j - +0 buckler
rNeg     . . .     Spirit   .   b - +0 leather armour
rPois    .         Reflect  .   (no helmet)
rElec    .         Harm     .   t - +0 cloak
rCorr    .         Rampage  .   (no gloves)
MR       .....                  (no boots)
Stlth    +++++.....             (no amulet)
HPRegen  0.22/turn              (no ring)
MPRegen  0.14/turn              (no ring)

@: frozen ramparts
A: distributed training, fangs 1, strong nose
a: Curse Item, Scrying, Renounce Religion


You were on level 7 of the Dungeon.
You worshipped Ashenzari.
Ashenzari was pleased with you.
You visited 2 branches of the dungeon, and saw 6 of its levels.

You collected 328 gold pieces.
You spent 110 gold pieces at shops.

Inventory:

Hand Weapons
 A - a +1 long sword of holy wrath (weapon)
Missiles
 C - 4 datura-tipped darts (quivered)
Armour
 b - a +0 leather armour (worn)
 j - a +0 buckler (worn)
 t - a +0 cloak (worn)
Wands
 a - a wand of disintegration (8)
 g - a wand of digging (14)
 q - a wand of flame (36)
 v - a wand of acid (19)
 x - a wand of enslavement (11)
Scrolls
 c - 4 scrolls of fog
 d - 3 scrolls of magic mapping
 e - a scroll of fear
 h - 3 scrolls of remove curse
 i - a scroll of teleportation {unknown}
 m - 4 scrolls of identify {unknown}
 o - 4 scrolls of immolation {unknown}
 w - 2 scrolls of amnesia {unknown}
 y - a scroll of enchant weapon
 D - a scroll of random uselessness {unknown}
Potions
 f - 3 potions of haste
 l - a potion of magic {unknown}
 n - a potion of cancellation {unknown}
 p - a potion of lignification {unknown}
 r - a potion of experience {unknown}
 s - a potion of degeneration {unknown}
 u - 2 potions of curing
 z - a potion of might {unknown}
 B - 2 potions of invisibility {unknown}


   Skills:
 + Level 7.8 Fighting
 + Level 4.1 Short Blades
 + Level 6.2 Long Blades
 + Level 4.1 Axes
 + Level 4.1 Maces & Flails
 + Level 4.1 Polearms
 + Level 4.1 Staves
 + Level 4.1 Slings
 + Level 4.1 Bows
 + Level 4.1 Crossbows
 + Level 4.1 Throwing
 + Level 4.1 Armour
 + Level 6.2 Dodging
 + Level 10.4 Stealth
 + Level 4.1 Shields
 + Level 4.1 Unarmed Combat
 + Level 4.1 Spellcasting
 + Level 3.4 Conjurations
 + Level 3.4 Hexes
 + Level 3.4 Summonings
 + Level 3.4 Necromancy
 + Level 3.4 Translocations
 + Level 3.4 Transmutations
 + Level 3.4 Fire Magic
 + Level 3.4 Ice Magic
 + Level 3.4 Air Magic
 + Level 3.4 Earth Magic
 + Level 3.4 Poison Magic
 + Level 4.6 Invocations
 + Level 4.1 Evocations


You had 12 spell levels left.
You knew the following spells:

 Your Spells              Type           Power        Failure   Level
a - Freeze                Ice            ##..         6%          1
b - Frozen Ramparts       Ice            ##....       19%         3

Your spell library contained the following spells:

 Spells                   Type           Power        Failure   Level
 Animate Skeleton         Necr           ##....       6%          1
 Apportation              Tloc           ##....       6%          1
 Corona                   Hex            ##.....      6%          1
 Summon Small Mammal      Summ           ##..         6%          1
 Ozocubu's Armour         Ice            ##......     19%         3
 Hailstorm                Conj/Ice       ##......     54%         4
 Summon Ice Beast         Ice/Summ       ##......     54%         4


Dungeon Overview and Level Annotations

Branches:
Dungeon (7/15)             Temple (1/1) D:4

Altars:
Ashenzari
Cheibriados
Dithmenos
Fedhas
Kikubaaqudgha
Makhleb

Shops:
D:5 !   D:7 [

Annotations:
D:3 1 runed translucent door, Lanoc's ghost, amateur KoAr
D:5 exclusion: oklob plant


Innate Abilities, Weirdness & Mutations

Your experience applies equally to all skills.
You have very sharp teeth.
Your uncanny sense of smell can sniff out nearby items.


Message History

The wall freezes the hippogriff.
The hippogriff bites you.
* * * LOW HITPOINT WARNING * * *
The hippogriff closely misses you. The hippogriff misses you.
The wall freezes the centaur.
The centaur completely misses you.
You riposte.
You barely miss the centaur. You bite the centaur, but do no damage.
The centaur is almost dead.
You slash the centaur!
You kill the centaur!
The wall freezes the hippogriff.
The hippogriff closely misses you.
You riposte.
You hit the hippogriff but do no damage.
You bite the hippogriff, but do no damage.
The hippogriff is almost dead.
The hippogriff barely misses you.
The hippogriff claws you but does no damage.
You block the wight's attack.
The wall freezes the hippogriff.
The wight hits you with a cursed +4 scimitar.
* * * LOW HITPOINT WARNING * * *
The wight hits you with a +0 morningstar!
You die...

.###+#####+####
+###.#...## .#)..).# *
,,#.#....# .###)### ,
,*, * ,#......#
.'..#..+ * * +../...#
.###†###,*∆ *
∆∆#.#....# .#∆,..) ,
,*, *∆{#.######
.###+###
#+#####+###(.....#
...... ,
.........)......##
..#...,,
#.....z@zH#.....#
.##,...
#.....z...#......#
...,
..∆*#...########$...##
..... . #.. * ....#
.##.. ., ,,, ,,.....#
.# .. * , , , ,,,
....##* .# * * ,,, ,,,
...# * , , , , , ** *
, , ,, * , *


You could see a hippogriff and 3 wights.

Vanquished Creatures
  Pikel (D:7)
  A hippogriff (D:7)
  Menkaure (D:5)
  3 orc warriors
  An ice beast (D:6)
  A sky beast (D:7)
  A phantom (D:5)
  An ogre (D:6)
  2 centaurs (D:7)
  4 lemures (D:7)
  Blork the orc (D:5)
  A bullfrog (D:6)
  A scorpion (D:6)
  A wight (D:6)
  A hound (D:6)
  A centaur skeleton (D:7)
  2 orc priests
  Ijyb (D:5)
  An iguana (D:4)
  3 orc wizards
  3 worker ants
  A killer bee zombie (D:6)
  A hound skeleton (D:6)
  A howler monkey zombie (D:6)
  7 adders
  A white imp (D:6)
  2 ufetubi
  An adder zombie (D:7)
  An adder skeleton (D:7)
  2 worms (D:3)
  A leopard gecko (D:7)
  19 orcs
  4 giant cockroaches
  A hobgoblin (D:3)
  2 jackals (D:4)
  2 quokkas
  2 bats (D:3)
  A frilled lizard (D:5)
  2 goblins (D:3)
83 creatures vanquished.

Vanquished Creatures (others)
  5 plants (D:4)
5 creatures vanquished.

Grand Total: 88 creatures vanquished

Notes
Turn   | Place    | Note
-------+----------+-------------------------------------------
     0 | D:5      | Reached skill level 9 in Stealth
     0 | D:5      | Lanoc the Gnoll Delver began the quest for the Orb.
     0 | D:5      | Reached XP level 1. HP: 23/23 MP: 1/1
    65 | D:3      | Noticed an orc priest
    67 | D:3      | Reached XP level 2. HP: 29/29 MP: 2/2
   322 | D:3      | Reached skill level 1 in Invocations
   322 | D:3      | Reached XP level 3. HP: 21/35 MP: 2/4
   610 | D:3      | Found a runed translucent door.
   617 | D:3      | Reached skill level 1 in Short Blades
   617 | D:3      | Reached skill level 1 in Axes
   617 | D:3      | Reached skill level 1 in Maces & Flails
   617 | D:3      | Reached skill level 1 in Polearms
   617 | D:3      | Reached skill level 1 in Staves
   617 | D:3      | Reached skill level 1 in Slings
   617 | D:3      | Reached skill level 1 in Bows
   617 | D:3      | Reached skill level 1 in Crossbows
   617 | D:3      | Reached skill level 1 in Throwing
   617 | D:3      | Reached skill level 1 in Armour
   617 | D:3      | Reached skill level 1 in Shields
   617 | D:3      | Reached skill level 1 in Unarmed Combat
   617 | D:3      | Reached skill level 1 in Spellcasting
   617 | D:3      | Reached skill level 1 in Evocations
   617 | D:3      | Reached XP level 4. HP: 39/41 MP: 5/5
   626 | D:3      | Found a faded altar of an unknown god.
   640 | D:3      | Became a worshipper of Ashenzari the Shackled
   640 | D:3      | Reached * piety under Ashenzari
   821 | D:3      | Noticed Lanoc's ghost (amateur KoAr)
   902 | D:3      | HP: 2/41 [poisoned by an adder]
   910 | D:3      | HP: 1/41 [poisoned by an adder]
  1412 | D:3      | Reached skill level 1 in Conjurations
  1412 | D:3      | Reached skill level 1 in Hexes
  1412 | D:3      | Reached skill level 1 in Summonings
  1412 | D:3      | Reached skill level 1 in Necromancy
  1412 | D:3      | Reached skill level 1 in Translocations
  1412 | D:3      | Reached skill level 1 in Transmutations
  1412 | D:3      | Reached skill level 1 in Fire Magic
  1412 | D:3      | Reached skill level 1 in Ice Magic
  1412 | D:3      | Reached skill level 1 in Air Magic
  1412 | D:3      | Reached skill level 1 in Earth Magic
  1412 | D:3      | Reached skill level 1 in Poison Magic
  1594 | D:4      | Found a snail-covered altar of Cheibriados.
  1761 | D:4      | Reached XP level 5. HP: 46/47 MP: 5/7
  1927 | D:4      | Found a staircase to the Ecumenical Temple.
  1936 | Temple   | Entered the Ecumenical Temple
  2587 | D:5      | Found Eqys Ucu's Distillery.
  2596 | D:5      | Learned a level 1 spell: Freeze
  2608 | D:5      | Bought a potion of haste for 110 gold pieces
  2624 | D:5      | Reached XP level 6. HP: 41/53 MP: 8/8
  2744 | D:5      | Noticed Blork the orc
  2761 | D:5      | Killed Blork the orc
  2761 | D:5      | Reached skill level 5 in Long Blades
  2761 | D:5      | Reached skill level 5 in Dodging
  3149 | D:5      | Found a shadowy altar of Dithmenos.
  3296 | D:5      | Found a blossoming altar of Fedhas.
  3302 | D:5      | Noticed Ijyb
  3348 | D:5      | Killed Ijyb
  3395 | D:5      | Noticed an oklob plant
  3588 | D:5      | Found a broken altar of Ashenzari.
  3651 | D:5      | Noticed a phantom
  3705 | D:5      | Killed a phantom
  3705 | D:5      | Reached XP level 7. HP: 19/59 MP: 10/10
  3969 | D:5      | Noticed Menkaure
  3973 | D:5      | Killed Menkaure
  4119 | D:5      | Reached ** piety under Ashenzari
  4868 | D:6      | Reached skill level 10 in Stealth
  4879 | D:6      | Reached XP level 8. HP: 67/67 MP: 12/12
  5917 | D:6      | Learned a level 3 spell: Frozen Ramparts
  6031 | D:6      | Found an ancient bone altar of Kikubaaqudgha.
  6031 | D:6      | Found a shadowy altar of Dithmenos.
  6272 | D:7      | Found Minenan's Armour Emporium.
  6337 | D:7      | Noticed Pikel
  6359 | D:7      | Killed Pikel
  6634 | D:7      | Reached XP level 9. HP: 67/73 MP: 14/14
  7026 | D:7      | Found a burning altar of Makhleb.
  7082 | D:7      | Slain by a wight

Illustrated notes

Levels and vault maps discovered:
D:3:      layout_rooms, serial_curves, eino_curves_01, eino_curves_04,
          eino_curves_01, chequers_ecumenical_altar_simple,
          gammafunk_ghost_grave
D:4:      layout_loops_corners, minmay_temple_entry_gardened_gates,
          cheibriados_altar_1
D:5:      layout_basic, tgw_fedhas, evilmike_ruin_ashenzari, basic_altar,
          serial_shops, shop, uniq_ijyb, uniq_blork_the_orc, uniq_menkaure
D:6:      minmay_general_purpose_star, layout_basic,
          gammafunk_temple_overflow_statue, nicolae_zen_rock_garden,
          minmay_misc_feat_rows
D:7:      minmay_the_grid_square_5x5_3x3 [minmay_the_grid_square_5x5_minivault,
          minmay_the_grid_square_5x5_inner_v, minmay_the_grid_square_5x5_comb,
          minmay_the_grid_square_5x5_percent,
          minmay_the_grid_square_5x5_megaprize_hollow,
          minmay_the_grid_square_5x5_checkered, minmay_the_grid_square_5x5_c,
          minmay_the_grid_square_5x5_bracketed,
          minmay_the_grid_square_5x5_shuriken], layout_gridville, serial_shops,
          shop_fountains, basic_altar, minivault_24, minmay_misc_feat_doors,
          uniq_pikel
Temple:   eino_temple_scatter_basement

Skill      XL: |  1  2  3  4  5  6  7  8  9 |
---------------+----------------------------+-----
Stealth        | 10 | 10.4
Invocations    | 1 2 3 4 |  4.6
Short Blades   | 1 2 3 4 |  4.1
Axes           | 1 2 3 4 |  4.1
Maces & Flails | 1 2 3 4 |  4.1
Polearms       | 1 2 3 4 |  4.1
Staves         | 1 2 3 4 |  4.1
Slings         | 1 2 3 4 |  4.1
Bows           | 1 2 3 4 |  4.1
Crossbows      | 1 2 3 4 |  4.1
Throwing       | 1 2 3 4 |  4.1
Armour         | 1 2 3 4 |  4.1
Shields        | 1 2 3 4 |  4.1
Unarmed Combat | 1 2 3 4 |  4.1
Spellcasting   | 1 2 3 4 |  4.1
Evocations     | 1 2 3 4 |  4.1
Conjurations   | 1 2 3 |  3.4
Hexes          | 1 2 3 |  3.4
Summonings     | 1 2 3 |  3.4
Necromancy     | 1 2 3 |  3.4
Translocations | 1 2 3 |  3.4
Transmutations | 1 2 3 |  3.4
Fire Magic     | 1 2 3 |  3.4
Ice Magic      | 1 2 3 |  3.4
Air Magic      | 1 2 3 |  3.4
Earth Magic    | 1 2 3 |  3.4
Poison Magic   | 1 2 3 |  3.4
Long Blades    | 5 6 |  6.2
Dodging        | 5 6 |  6.2
Fighting       | 7 |  7.8

Action                   |  1- 3 |  4- 6 |  7- 9 || total
-------------------------+-------+-------+-------++-------
Melee: Falchion          |    38 |   203 |   106 ||   347
       Bite              |     2 |    36 |    37 ||    75
       Punch             |       |     1 |       ||     1
       Long sword        |       |       |    84 ||    84
 Cast: Freeze            |       |     7 |       ||     7
       Frozen Ramparts   |       |       |     9 ||     9
Evoke: Wand              |       |       |     4 ||     4
  Use: Scroll            |       |     1 |       ||     1
       Potion            |       |       |     3 ||     3
 Stab: Sleeping          |     1 |     7 |     7 ||    15
       Distracted        |     1 |       |       ||     1
Armor: Leather armour    |     4 |    28 |    36 ||    68
Dodge: Dodged            |    24 |   114 |   154 ||   292
Block: Buckler           |       |    36 |    43 ||    79
       Rpst.: Falchion   |     9 |    36 |    22 ||    67
       Long sword        |       |       |    19 ||    19

Table legend: (Time is in decaauts)
 A = Elapsed time spent in this place.
 B = Non-inter-level travel time spent in this place.
 C = Inter-level travel time spent in this place.
 D = Time resting spent in this place.
 E = Time spent auto-exploring this place.
 F = Levels seen in this place.
 G = Mean time per level.
                   A        B        C        D        E       F      G
               +--------+--------+--------+--------+--------+-----+--------+
         Total |   7122 |   7012 |    110 |    347 |   5712 |   6 | 1187.0 |
       Dungeon |   7120 |   7010 |    110 |    347 |   5712 |   5 | 1424.0 |
        Temple |      1 |      1 |      0 |      0 |      0 |   1 |    1.0 |
               +--------+--------+--------+--------+--------+-----+--------+

Top non-repeatable levels by time:
     D:5: 1922 daAuts
     D:6: 1795 daAuts
     D:3: 1307 daAuts
     D:4: 1266 daAuts
     D:7: 828 daAuts
  Temple: 1 daAuts
